 Dungeon Crawl Stone Soup version 0.18-a0-1443-ge8f1551 (webtiles) character file.

1992 M4edhros the Nimble (level 9, 0/53 (54) HPs)
             Began as an Octopode Hunter on Feb 29, 2016.
             Slain by a quasit (2 damage)
             ... on level 6 of the Dungeon.
             The game lasted 00:22:51 (39339 turns).

M4edhros the Nimble (Octopode Hunter)              Turns: 39339, Time: 00:22:51

HP:   0/53 (54)     AC:  1    Str: 11      XL:     9   Next: 21%
MP:   9/9           EV: -3    Int: 13 (14) God:    Xom [..*...]
Gold: 338           SH:  0    Dex: -5 (15) Spells: 0 memorised, 8 levels left

rFire  . . .     SeeInvis .     k - +0 short sword (speed)
rCold  . . .     Gourm    +     (no shield)
rNeg   . . .     Faith    .     (helmet restricted)
rPois  .         Spirit   .     j - amulet of the gourmand
rElec  .         Dismiss  .     o - ring of protection from magic
rCorr  .         Reflect  .     y - ring of flight
SustAt .         Harm     .     (no ring)
MR     +++..                    (no ring)
Stlth  ..........               (no ring)
                                (no ring)
                                (no ring)
                                (no ring)

@: very slightly contaminated, slowed, lost dexterity, very slow, extremely
resistant to hostile enchantments, extremely unstealthy
A: almost no armour, amphibious, 8 rings, constrict 8, camouflage 1, magic
resistance 2, gelatinous body 1
a: Renounce Religion, Evoke Flight


You were on level 6 of the Dungeon.
You worshipped Xom.
You were a toy of Xom.
You were very hungry.

You visited 2 branches of the dungeon, and saw 7 of its levels.

You collected 338 gold pieces.

Inventory:

Hand Weapons
 a - a +2 hunting sling
 k - a +0 short sword of speed (weapon)
 n - a +2 quarterstaff of chaos
 H - a +0 broad axe of chaos
Missiles
 c - 44 sling bullets
 f - 16 sling bullets of flame
 i - 163 stones (quivered)
 u - 8 sling bullets of frost
 F - 21 stones of chaos
Jewellery
 j - an amulet of the gourmand (around mantle)
 o - a ring of protection from magic (left tentacle)
 y - a ring of flight (right tentacle)
Scrolls
 h - a scroll of fear
 l - 3 scrolls of fog
 r - 4 scrolls of enchant armour
 A - 2 scrolls of identify
Potions
 e - 2 potions of magic
 m - a potion of ambrosia {unknown}
Books
 q - a book of Summonings

   Spells                             Type                      Level
   a - Recall                         Summoning/Translocation      3
   b - Aura of Abjuration             Summoning                    5
   c - Summon Demon                   Summoning                    5
   d - Summon Forest                  Summoning/Translocation      5
   e - Summon Mana Viper              Hexes/Summoning              5
   f - Shadow Creatures               Summoning                    6
Comestibles
 d - 4 bread rations
 s - 2 meat rations
 v - 2 fruits


   Skills:
 - Level 2.0 Fighting
 + Level 8.1 Slings
 * Level 9.7 Dodging
 - Level 1.3 Stealth


You had 8 spell levels left.
You didn't know any spells.

Dungeon Overview and Level Annotations

Branches:
Dungeon (6/15)             Temple (1/1) D:6

Altars:
Ashenzari
Cheibriados
Dithmenos
Gozag
Makhleb
Nemelex Xobeh
Pakellas
Ru
Trog
Vehumet
Xom
Zin
The Shining One

Shops:
D:4 }

Annotations:
D:4 M4edhros's ghost, amateur KoHu


Innate Abilities, Weirdness & Mutations

You cannot wear most types of armour.
You are amphibious.
You can wear up to eight rings at the same time.
You can use your tentacles to constrict eight enemies at once.
Your skin changes colour to match your surroundings (Stealth).
Your rubbery body absorbs attacks (AC +1).
You are highly resistant to hostile enchantments.


Message History

Unknown command.
Drink which item? (? for menu, Esc to quit)
Okay, then.
Drink which item? (? for menu, Esc to quit)
Okay, then.
Read which item? (? for menu, Esc to quit)
Blink to where?
Press: ? - help, Dir - move target cursor, p - quasit You are very lightly contaminated with residual magic.
As you read the scroll of blinking, it crumbles to dust.
Read which item? (? for menu, Esc to quit)
Blink to where?
Press: ? - help, Dir - move target cursor
As you read the scroll of blinking, it crumbles to dust.
The quasit bites you.
* * * LOW HITPOINT WARNING * * *
The quasit claws you.
* * * LOW HITPOINT WARNING * * *
The quasit claws you.
You die...

..##......(.........
..########(######+##
..)...........#....#
..............'....#
..######§##..##....#
..######.##..##....#
.............##...>#
.............##'####
...............5@..#
..............§....#
..######[##..##....#
..######.##+########
...#...............#
...#...............#
...#..##....###....#
...#..##....###'####
...#.........#.....#


You could see a quasit.

Vanquished Creatures
  Grinder (D:3)
  A water moccasin (D:5)
  Edmund (D:5)
  An ice beast (D:6)
  2 ogres
  Blork the orc (D:6)
  A giant frog (D:6)
  2 scorpions
  3 howler monkeys
  A crimson imp (D:5)
  A giant frog zombie (D:5)
  3 hounds
  An orc priest (D:3)
  Crazy Yiuf (D:3)
  A centaur skeleton (D:6)
  11 worker ants
  The ghost of Pikaro the Magician, a weakling DEWn of Okawaru (D:3)
  A hound skeleton (D:4)
  A worker ant zombie (D:5)
  13 adders
  4 oozes
  2 adder skeletons (D:4)
  4 worms
  7 dart slugs
  11 giant geckos
  28 orcs
  13 bats
  6 giant cockroaches
  13 goblins
  18 hobgoblins
  14 jackals
  10 kobolds
  A quokka (D:5)
  4 ball pythons
  A giant gecko skeleton (D:5)
  A giant gecko zombie (D:6)
  7 giant newts
  A quokka skeleton (D:5)
  17 rats
210 creatures vanquished.

Vanquished Creatures (others)
  An ogre (D:6)
1 creature vanquished.

Grand Total: 211 creatures vanquished

Notes
Turn   | Place    | Note
--------------------------------------------------------------
     0 | D:1      | M4edhros the Octopode Hunter began the quest for the Orb.
     0 | D:1      | Reached XP level 1. HP: 14/14 MP: 1/1
   100 | D:1      | Reached XP level 2. HP: 19/19 MP: 2/2
   258 | D:1      | Reached skill level 3 in Dodging
   261 | D:1      | Reached XP level 3. HP: 24/24 MP: 3/3
   925 | D:2      | Reached XP level 4. HP: 27/29 MP: 4/4
  1211 | D:2      | Found an oddly glowing altar of Pakellas.
  1690 | D:3      | Reached skill level 5 in Slings
  1771 | D:3      | Found a radiant altar of Vehumet.
  1786 | D:3      | Reached XP level 5. HP: 18/34 MP: 5/5
  1891 | D:3      | Reached skill level 4 in Dodging
  2305 | D:4      | Noticed M4edhros's ghost (amateur KoHu)
  2344 | D:4      | Found Suvohool's Gadget Emporium.
  2366 | D:4      | Reached XP level 6. HP: 21/39 MP: 6/6
  2656 | D:4      | Reached skill level 5 in Dodging
  3606 | D:5      | Entered Level 5 of the Dungeon
  3692 | D:5      | Reached XP level 7. HP: 45/45 MP: 7/7
  3819 | D:5      | Reached skill level 6 in Dodging
  4452 | D:5      | Noticed Edmund
  4466 | D:5      | Killed Edmund
  4466 | D:5      | Reached skill level 7 in Dodging
  4665 | D:5      | Reached XP level 8. HP: 48/50 MP: 8/8
  4744 | D:6      | Noticed Blork the orc
  4756 | D:6      | Killed Blork the orc
  5129 | D:6      | Found a staircase to the Ecumenical Temple.
  5146 | Temple   | Entered the Ecumenical Temple
  5150 | Temple   | Became a worshipper of Xom of Chaos
  5217 | D:4      | Reached skill level 8 in Dodging
  5559 | D:4      | XOM: divination: detect creatures
  5650 | D:4      | XOM: divination: detect creatures
  5739 | D:4      | XOM: harmless Tloc miscast
  5872 | D:4      | XOM: silly message
  5960 | D:3      | Noticed Pikaro's ghost (weakling DEWn)
  6482 | D:4      | XOM: colour smoke trail
  7603 | D:4      | XOM: divination: detect creatures
  8393 | D:4      | XOM: god gift: 8 steel bolts
  8645 | D:4      | XOM: divination: detect creatures
  8846 | D:4      | XOM: god gift: 10 sling bullets of flame
  9157 | D:4      | XOM: silly message
  9274 | D:4      | XOM: divination: detect creatures
  9469 | D:3      | Killed Pikaro's ghost
  9760 | D:3      | Noticed Crazy Yiuf
  9765 | D:3      | Killed Crazy Yiuf
 10052 | D:3      | XOM: scenery: create altars
 10187 | D:3      | XOM: 1-stop teleportation journey
 10349 | D:3      | XOM: god gift: bread ration
 10390 | D:3      | XOM: give mutations
 10390 | D:3      | Gained mutation: Your muscles are strong. (Str +2) [Xom's grace]
 10390 | D:3      | Gained mutation: You possess an exceptional clarity of mind. [Xom's grace]
 10390 | D:3      | Gained mutation: Your spells are a little harder to cast, but a little more powerful. [Xom's grace]
 12190 | D:3      | XOM: 2-stop teleportation journey
 12309 | D:3      | XOM: god gift: scroll of enchant armour
 12550 | D:3      | XOM: cast spell 'Ice Form'
 12562 | D:3      | XOM: harmless Trmt miscast
 13459 | D:3      | XOM is BORED!
 13459 | D:3      | XOM: medium Divn miscast
 13532 | D:3      | XOM: god gift: 29 gold pieces
 13565 | D:3      | XOM: medium Necr miscast
 13566 | D:3      | Noticed a shadow
 13566 | D:3      | Noticed a shadow
 13692 | D:3      | Noticed Grinder
 13700 | D:3      | Killed Grinder
 13867 | D:3      | XOM: summons 1 hostile demon
 13942 | D:3      | XOM: chaos upgrade
 13942 | D:3      | Paralysed by a hobgoblin for 2 turns
 14246 | D:3      | XOM: noise
 14354 | D:3      | XOM: god gift: runed broad axe {god gift}
 14676 | D:3      | XOM: harmless Trmt miscast
 14714 | D:3      | XOM: colour smoke trail
 14832 | D:3      | XOM: colour smoke trail
 15169 | D:3      | XOM: colour smoke trail
 15577 | D:3      | XOM: summons 4 hostile demons
 15999 | D:4      | XOM is BORED!
 15999 | D:4      | XOM: severe Pois miscast
 16118 | D:3      | Reached skill level 9 in Dodging
 16461 | D:3      | XOM: medium Necr miscast
 17405 | D:3      | XOM: harmless Trmt miscast
 18358 | D:2      | XOM: silly message
 18585 | D:2      | XOM is BORED!
 18585 | D:2      | XOM: mild Summ miscast
 19296 | D:1      | XOM: noise
 19577 | D:1      | XOM: harmless Air miscast
 19684 | D:1      | XOM: give mutations
 19684 | D:1      | Gained mutation: You are robust (+10% HP). [Xom's grace]
 19684 | D:1      | Gained mutation: You are agile. (Dex +2) [Xom's grace]
 19710 | D:1      | XOM: vitrification
 19859 | D:1      | XOM: silly message
 20015 | D:1      | XOM: silly message
 20107 | D:1      | XOM: noise
 20188 | D:1      | XOM: silly message
 20217 | D:1      | XOM: colour smoke trail
 20401 | D:1      | XOM is BORED!
 20401 | D:1      | XOM: mild Tloc miscast
 20873 | D:1      | XOM: mild Necr miscast
 21017 | D:1      | XOM: harmless Necr miscast
 21253 | D:1      | XOM: scenery: create altars
 21287 | D:1      | XOM: colour smoke trail
 21401 | D:1      | XOM: mild Ice miscast
 21719 | D:1      | XOM: mild Pois miscast
 21875 | D:1      | XOM: colour smoke trail
 22691 | D:1      | XOM is BORED!
 22691 | D:1      | XOM: mild Air miscast
 22737 | D:1      | XOM: harmless Air miscast
 23384 | D:1      | XOM: divination: detect creatures
 23738 | D:1      | XOM: stat loss: -1 Dex (15/16)
 23756 | D:1      | XOM: medium Fire miscast
 23797 | D:1      | XOM: medium Divn miscast
 24199 | D:1      | XOM: summons 4 hostile demons
 24238 | D:2      | XOM: colour smoke trail
 24380 | D:2      | XOM: noise
 24385 | D:1      | XOM: fog
 24559 | D:1      | XOM: noise
 25199 | D:1      | XOM: medium Conj miscast
 25637 | D:1      | XOM is BORED!
 25637 | D:1      | XOM: give mutations
 25637 | D:1      | Lost mutation: You are robust (+10% HP). [Xom's mischief]
 25637 | D:1      | Gained mutation: Your body sometimes deteriorates upon taking damage. [Xom's mischief]
 25991 | D:1      | XOM: harmless Summ miscast
 26238 | D:1      | XOM: medium Ice miscast
 26292 | D:1      | XOM: mild Hex miscast
 26373 | D:1      | XOM: colour smoke trail
 26820 | D:1      | XOM: give mutations
 26820 | D:1      | Lost mutation: Your spells are a little harder to cast, but a little more powerful. [Xom's mischief]
 26820 | D:1      | Gained mutation: Your pliable body absorbs attacks (AC +1, EV +1). [Xom's mischief]
 26903 | D:1      | Reached XP level 9. HP: 53/53 MP: 9/9
 27469 | D:1      | XOM: silly message
 27763 | D:1      | XOM: give mutation
 27763 | D:1      | Lost mutation: Your body sometimes deteriorates upon taking damage. [Xom's mischief]
 27826 | D:1      | Noticed a yaktaur captain
 27858 | D:2      | XOM: give mutations
 27858 | D:2      | Gained mutation: You are resistant to hostile enchantments. [Xom's mischief]
 27858 | D:2      | Lost mutation: You are agile. (Dex +2) [Xom's mischief]
 27858 | D:2      | Gained mutation: Your spells are a little easier to cast, but a little less powerful. [Xom's mischief]
 28043 | D:2      | XOM: summons 1 hostile demon
 28123 | D:2      | XOM: give mutations
 28123 | D:2      | Lost mutation: Your muscles are strong. (Str +2) [Xom's mischief]
 28123 | D:2      | Gained mutation: You are dopey. (Int -2) [Xom's mischief]
 28123 | D:2      | Gained mutation: You are highly resistant to hostile enchantments. [Xom's mischief]
 28123 | D:2      | Gained mutation: You occasionally shout uncontrollably at your foes. [Xom's mischief]
 28289 | D:2      | XOM is BORED!
 28289 | D:2      | XOM: noise
 28555 | D:2      | XOM: give mutation
 28555 | D:2      | Gained mutation: You are frail (-10% HP). [Xom's mischief]
 28901 | D:2      | XOM: give mutation
 28901 | D:2      | Lost mutation: You are frail (-10% HP). [Xom's mischief]
 28992 | D:2      | XOM is BORED!
 28992 | D:2      | XOM: medium Hex miscast
 29081 | D:2      | XOM: silly message
 29432 | D:2      | XOM: mild Erth miscast
 30091 | D:2      | XOM: mild Necr miscast
 30152 | D:2      | XOM: give mutations
 30152 | D:2      | Lost mutation: You are dopey. (Int -2) [Xom's mischief]
 30152 | D:2      | Gained mutation: You are clumsy. (Dex -2) [Xom's mischief]
 30152 | D:2      | Lost mutation: Your pliable body absorbs attacks (AC +1, EV +1). [Xom's mischief]
 30152 | D:2      | Lost mutation: You occasionally shout uncontrollably at your foes. [Xom's mischief]
 30271 | D:2      | XOM: give mutations
 30271 | D:2      | Gained mutation: You are dopey. (Int -2) [Xom's mischief]
 30271 | D:2      | Gained mutation: Your body sometimes deteriorates upon taking damage. [Xom's mischief]
 30271 | D:2      | Lost mutation: Your spells are a little easier to cast, but a little less powerful. [Xom's mischief]
 30271 | D:2      | Lost mutation: You are dopey. (Int -2) [Xom's mischief]
 30291 | D:2      | Lost mutation: You are clumsy. (Dex -2) [potion of cure mutation]
 30291 | D:2      | Lost mutation: Your body sometimes deteriorates upon taking damage. [potion of cure mutation]
 30291 | D:2      | Lost mutation: You possess an exceptional clarity of mind. [potion of cure mutation]
 30305 | D:2      | HP: 2/53 [poisoned by an adder]
 30312 | D:2      | HP: 1/53 [poisoned by an adder]
 30320 | D:2      | HP: 1/53 [poisoned by an adder]
 30355 | D:2      | XOM: noise
 30419 | D:2      | XOM: mild Ice miscast
 30589 | D:2      | XOM is BORED!
 30589 | D:2      | XOM: summons 4 hostile shadow creatures
 30661 | D:3      | Noticed a flayed ghost
 30662 | D:3      | XOM: noise
 30667 | D:3      | Noticed a centaur warrior
 30930 | D:4      | XOM: summons 4 hostile demons
 30931 | D:4      | Noticed a smoke demon
 30931 | D:4      | Noticed an orange demon
 31196 | D:6      | XOM: stat loss: -1 Dex (10/15)
 31527 | D:6      | XOM: harmless Conj miscast
 31579 | D:6      | XOM: medium Erth miscast
 31800 | D:6      | XOM: harmless Fire miscast
 32118 | Temple   | XOM: divination: detect creatures
 32487 | Temple   | XOM: silly message
 32706 | Temple   | XOM: god gift: 10 sling bullets of flame
 32748 | Temple   | XOM: mild Trmt miscast
 33560 | Temple   | XOM: mild Hex miscast
 33764 | Temple   | XOM: divination: detect items
 33880 | Temple   | XOM: silly message
 34615 | Temple   | XOM: god gift: 26 gold pieces
 35178 | Temple   | XOM: cast spell 'Necromutation'
 35633 | Temple   | XOM: silly message
 35646 | Temple   | XOM: cast spell 'Dragon Form'
 35713 | Temple   | XOM: divination: detect creatures
 35756 | Temple   | XOM: noise
 36522 | Temple   | XOM is BORED!
 36522 | Temple   | XOM: medium Divn miscast
 36756 | Temple   | XOM: 6-stop teleportation journey
 36864 | Temple   | XOM: mild Trmt miscast
 36916 | Temple   | XOM: harmless Chrm miscast
 36976 | Temple   | XOM: mild Trmt miscast
 37031 | Temple   | XOM: harmless Ice miscast
 37314 | Temple   | XOM: summons 4 hostile demons
 37724 | Temple   | XOM: medium Hex miscast
 38371 | Temple   | XOM is BORED!
 38371 | Temple   | XOM: medium Chrm miscast
 39008 | Temple   | XOM: harmless Hex miscast
 39051 | Temple   | XOM: harmless Pois miscast
 39163 | Temple   | XOM: summons 4 hostile demons
 39271 | D:6      | XOM: scenery: 1 doors open, 3 doors close
 39313 | D:6      | XOM: confuse monster(s)
 39332 | D:6      | Lost dexterity.
 39339 | D:6      | HP: 2/53 [quasit (2)]
 39339 | D:6      | Slain by a quasit

Vault maps used:
D:1:      lightli_molten_gateway, st_stairs_10
D:2:      grunt_pakellas_salt, minmay_goblin_outpost
D:3:      lemuel_crystal_altar, uniq_grinder, uniq_crazy_yiuf_cottage
D:4:      serial_shops, shop_statue, grunt_decor_one_mirror,
          kennysheep_opposing_triangles
D:5:      first_bread, uniq_edmund
D:6:      minmay_temple_entry_statues_fountains, uniq_blork_the_orc
Temple:   nicolae_temple_x_marks_the_god

Skill      XL: |  1  2  3  4  5  6  7  8  9 |
---------------+----------------------------+-----
Dodging        | 3 4 5 7 9 |  9.7
Slings         | 5 6 7 8 |  8.1
Fighting       | |  2.0
Stealth        | |  1.3

Action                   |  1- 3 |  4- 6 |  7- 9 || total
-------------------------+-------+-------+-------++-------
Melee: Short sword       |       |   107 |   102 ||   209
       Broad axe         |       |       |    86 ||    86
       Quarterstaff      |       |       |    72 ||    72
 Fire: Hunting sling     |   130 |    53 |   169 ||   352
  Use: Scroll            |       |     3 |    17 ||    20
       Potion            |       |     2 |     5 ||     7
 Stab: Sleeping          |       |     7 |     2 ||     9
       Distracted        |       |       |     2 ||     2
       Confused          |       |       |     1 ||     1
  Eat: Chunk             |       |    15 |    85 ||   100
       Pizza             |       |       |     1 ||     1
       Beef jerky        |       |       |     4 ||     4
       Meat ration       |       |       |     1 ||     1
       Royal jelly       |       |       |     1 ||     1
